[ AOE2 MATCH · #504801748 ]
UnrankedChinese vs Romans
Player's team · LOSS
Rival team · WIN
[ REPLAY ANALYSIS · EXTRACTED FROM THE RECORDED GAME ]
Feudal
8:44
Castle
19:19
Imperial
38:14
| APM avg | 55.0 |
| APM peak | 95 |
| eAPM avg | 34.4 |
| Villagers / military | 292 / 290 |
Focus
⚔️ 43.8% · 🌾 56.2%
Fire Lancer ×129 · Archer ×107 · Scout Cavalry ×29 · Monk ×8 · Knight ×5 · Trebuchet (Packed) ×5
Feudal
8:53
Castle
20:24
Imperial
38:57
| APM avg | 69.7 |
| APM peak | 105 |
| eAPM avg | 37.4 |
| Villagers / military | 269 / 343 |
Focus
⚔️ 41.5% · 🌾 58.5%
Scout Cavalry ×173 · Militia ×84 · Scorpion ×32 · Knight ×31 · Trebuchet (Packed) ×8 · Monk ×5
Match map
Initial resources + every placement click. Lines = walls · curves = elevation contours. ◆ gold · ⬟ stone · ● berries · ✦ relic · ◌ wall gap
Your base· Open — 4t gap
[RUS-F]Believe_me's base· Open — 4t gap
Smoothed initial terrain · ◌ = detected wall gap · hover for details
Inputs per minute
— OSO_CT - - [RUS-F]Believe_me
Build order — OSO_CT
First 150 of 760 actions detected
| 0:33 | Research | Loom |
| 0:51 | Queue | Villager (Male) |
| 1:26 | Build | Lumber Camp |
| 1:34 | Queue | Villager (Male) |
| 1:46 | Queue | Villager (Male) |
| 2:19 | Queue | Villager (Male) |
| 2:37 | Queue | Villager (Male) |
| 3:03 | Queue | Villager (Male) |
| 3:03 | Queue | Villager (Male) |
| 3:28 | Queue | Villager (Male) |
| 3:29 | Queue | Villager (Male) |
| 3:48 | Build | House |
| 4:00 | Queue | Villager (Male) |
| 4:00 | Queue | Villager (Male) |
| 4:00 | Queue | Villager (Male) |
| 4:21 | Queue | Villager (Male) |
| 4:46 | Queue | Villager (Male) |
| 4:49 | Build | Mill |
| 5:01 | Queue | Villager (Male) |
| 5:44 | Queue | Villager (Male) |
| 6:31 | Research | Feudal Age |
| 6:59 | Build | House |
| 7:29 | Build | Palisade Wall |
| 7:33 | Build | Barracks |
| 7:35 | Build | Palisade Wall |
| 7:45 | Build | Palisade Wall |
| 8:23 | Build | Palisade Wall |
| 8:24 | Build | Palisade Wall |
| 8:24 | Build | Palisade Wall |
| 8:44 | Age | Feudal Age |
| 8:45 | Queue | Villager (Male) |
| 8:48 | Build | Archery Range |
| 8:52 | Build | Palisade Wall |
| 8:54 | Build | Palisade Wall |
| 8:55 | Build | Palisade Wall |
| 9:02 | Research | Double-Bit Axe |
| 9:03 | Queue | Villager (Male) |
| 9:10 | Build | Palisade Wall |
| 9:14 | Build | House |
| 9:15 | Build | Palisade Wall |
| 9:28 | Build | Palisade Wall |
| 9:33 | Queue | Villager (Male) |
| 9:43 | Build | House |
| 9:53 | Build | Mining Camp |
| 9:56 | Build | Palisade Wall |
| 9:59 | Queue | Villager (Male) |
| 10:00 | Build | Palisade Wall |
| 10:03 | Queue | Villager (Male) |
| 10:05 | Queue | Archer |
| 10:32 | Queue | Villager (Male) |
| 10:48 | Queue | Villager (Male) |
| 10:50 | Build | Farm |
| 10:58 | Queue | Villager (Male) |
| 11:15 | Queue | Archer |
| 11:20 | Build | Blacksmith |
| 11:35 | Queue | Archer |
| 11:45 | Build | Palisade Wall |
| 11:47 | Queue | Villager (Male) |
| 11:50 | Build | Farm |
| 11:52 | Build | Farm |
| 11:59 | Queue | Villager (Male) |
| 12:06 | Queue | Villager (Male) |
| 12:08 | Build | Farm |
| 12:19 | Build | Farm |
| 12:29 | Research | Fletching |
| 12:34 | Build | Farm |
| 12:46 | Queue | Villager (Male) |
| 12:52 | Queue | Archer |
| 12:59 | Build | Farm |
| 13:00 | Build | Farm |
| 13:00 | Build | Farm |
| 13:02 | Build | House |
| 13:24 | Build | Farm |
| 13:27 | Queue | Archer |
| 14:00 | Queue | Archer |
| 14:11 | Queue | Villager (Male) |
| 14:13 | Build | Farm |
| 14:22 | Queue | Archer |
| 14:27 | Queue | Villager (Male) |
| 14:30 | Build | Farm |
| 14:31 | Build | Farm |
| 14:34 | Build | House |
| 14:53 | Queue | Villager (Male) |
| 15:15 | Build | Farm |
| 15:16 | Build | Farm |
| 15:18 | Queue | Archer |
| 15:40 | Queue | Villager (Male) |
| 15:52 | Build | House |
| 16:06 | Queue | Villager (Male) |
| 16:11 | Queue | Archer |
| 16:29 | Build | House |
| 16:30 | Build | Palisade Wall |
| 16:39 | Research | Castle Age |
| 16:47 | Build | House |
| 17:11 | Build | Lumber Camp |
| 17:28 | Queue | Archer |
| 17:31 | Build | Archery Range |
| 17:42 | Build | Palisade Wall |
| 17:53 | Queue | Archer |
| 17:56 | Build | House |
| 18:08 | Queue | Archer |
| 18:16 | Research | Gold Mining |
| 18:16 | Research | Gold Mining |
| 18:24 | Queue | Archer |
| 18:42 | Queue | Archer |
| 19:19 | Age | Castle Age |
| 19:20 | Research | Bodkin Arrow |
| 19:21 | Research | Crossbowman (upgrade) |
| 19:22 | Queue | Villager (Male) |
| 19:22 | Queue | Villager (Male) |
| 19:26 | Build | Town Center |
| 19:42 | Queue | Archer |
| 19:42 | Queue | Archer |
| 19:49 | Queue | Villager (Male) |
| 19:53 | Build | Monastery |
| 20:04 | Queue | Archer |
| 20:07 | Queue | Villager (Male) ×5 |
| 20:15 | Queue | Archer |
| 20:26 | Research | Bow Saw |
| 20:40 | Queue | Archer |
| 20:43 | Queue | Archer |
| 20:49 | Build | House |
| 20:50 | Queue | Monk |
| 21:04 | Queue | Villager (Male) |
| 21:18 | Queue | Archer |
| 21:29 | Queue | Villager (Male) ×4 |
| 21:34 | Queue | Archer |
| 21:39 | Queue | Archer |
| 21:53 | Queue | Archer |
| 21:58 | Queue | Militia |
| 22:02 | Queue | Monk |
| 22:05 | Queue | Archer |
| 22:17 | Queue | Archer |
| 22:25 | Queue | Villager (Male) |
| 22:27 | Build | House |
| 22:39 | Research | Padded Archer Armor |
| 22:44 | Research | Wheelbarrow |
| 23:07 | Queue | Archer |
| 23:07 | Queue | Archer |
| 23:08 | Queue | Archer |
| 23:08 | Queue | Villager (Male) |
| 23:21 | Queue | Monk |
| 23:23 | Queue | Villager (Male) ×2 |
| 23:27 | Build | Stable |
| 23:34 | Build | Lumber Camp |
| 23:42 | Queue | Monk |
| 23:45 | Build | House |
| 23:50 | Build | Palisade Wall |
| 23:51 | Build | Palisade Wall |
| 24:07 | Queue | Archer |
Build order — [RUS-F]Believe_me
First 150 of 874 actions detected
| 0:00 | Queue | Villager (Male) ×4 |
| 0:02 | Build | House |
| 0:02 | Build | House |
| 1:22 | Queue | Villager (Male) |
| 1:56 | Queue | Villager (Male) |
| 2:01 | Build | Lumber Camp |
| 2:09 | Queue | Villager (Male) |
| 2:40 | Queue | Villager (Male) |
| 2:56 | Queue | Villager (Male) |
| 3:24 | Queue | Villager (Male) |
| 3:48 | Build | House |
| 3:53 | Build | House |
| 3:56 | Queue | Villager (Male) |
| 4:08 | Queue | Villager (Male) |
| 4:08 | Queue | Villager (Male) |
| 4:25 | Queue | Villager (Male) |
| 4:53 | Build | Barracks |
| 5:03 | Queue | Villager (Male) |
| 5:27 | Queue | Villager (Male) |
| 5:27 | Queue | Villager (Male) |
| 5:27 | Queue | Villager (Male) |
| 5:51 | Build | House |
| 6:13 | Queue | Villager (Male) |
| 6:25 | Build | Mining Camp |
| 6:43 | Research | Feudal Age |
| 6:43 | Research | Feudal Age |
| 6:45 | Research | Loom |
| 7:03 | Queue | Militia |
| 7:15 | Queue | Militia |
| 7:28 | Queue | Militia |
| 7:39 | Build | House |
| 7:42 | Build | House |
| 7:52 | Build | Mill |
| 8:02 | Queue | Villager (Male) |
| 8:05 | Build | House |
| 8:53 | Age | Feudal Age |
| 8:56 | Research | Double-Bit Axe |
| 9:04 | Research | Man-at-Arms (upgrade) |
| 9:34 | Queue | Villager (Male) |
| 9:37 | Research | Horse Collar |
| 10:00 | Queue | Villager (Male) |
| 10:02 | Build | Farm |
| 10:03 | Build | Farm |
| 10:12 | Build | Farm |
| 10:38 | Queue | Villager (Male) |
| 10:40 | Build | Farm |
| 10:53 | Queue | Villager (Male) |
| 10:54 | Build | Farm |
| 11:12 | Queue | Villager (Male) |
| 11:14 | Build | Farm |
| 11:28 | Queue | Villager (Male) |
| 11:31 | Build | Farm |
| 12:05 | Queue | Villager (Male) |
| 12:15 | Build | Farm |
| 12:22 | Build | House |
| 12:23 | Build | House |
| 12:28 | Queue | Villager (Male) |
| 12:30 | Build | Farm |
| 12:42 | Build | Archery Range |
| 12:54 | Queue | Villager (Male) |
| 13:22 | Queue | Skirmisher |
| 13:24 | Build | House |
| 13:26 | Queue | Villager (Male) |
| 13:32 | Queue | Villager (Male) |
| 13:38 | Queue | Skirmisher |
| 14:00 | Build | Blacksmith |
| 14:09 | Queue | Skirmisher |
| 14:11 | Queue | Villager (Male) |
| 14:23 | Queue | Villager (Male) |
| 14:26 | Build | Farm |
| 14:35 | Research | Fletching |
| 14:36 | Queue | Villager (Male) |
| 14:38 | Queue | Skirmisher |
| 14:47 | Queue | Villager (Male) |
| 14:48 | Build | Farm |
| 14:58 | Build | Farm |
| 14:59 | Queue | Villager (Male) |
| 15:06 | Queue | Skirmisher |
| 15:19 | Build | Farm |
| 15:21 | Queue | Villager (Male) |
| 15:24 | Queue | Villager (Male) |
| 15:27 | Build | Lumber Camp |
| 15:45 | Build | House |
| 15:54 | Queue | Villager (Male) |
| 16:11 | Build | House |
| 16:12 | Build | House |
| 16:15 | Queue | Villager (Male) |
| 16:17 | Build | Farm |
| 16:40 | Build | Stable |
| 16:52 | Queue | Villager (Male) |
| 16:58 | Build | Stable |
| 17:02 | Research | Scale Barding Armor |
| 17:37 | Build | Mill |
| 17:39 | Build | Farm |
| 17:44 | Research | Castle Age |
| 17:54 | Build | Farm |
| 17:55 | Build | Farm |
| 17:56 | Build | Farm |
| 17:57 | Build | Farm |
| 18:08 | Build | Farm |
| 18:20 | Build | Farm |
| 18:24 | Research | Gold Mining |
| 18:36 | Build | Lumber Camp |
| 18:44 | Research | Bloodlines |
| 18:45 | Research | Bloodlines |
| 18:50 | Build | Farm |
| 19:19 | Queue | Villager (Male) |
| 19:29 | Research | Scale Barding Armor |
| 19:49 | Build | House |
| 20:24 | Age | Castle Age |
| 20:27 | Queue | Knight |
| 20:27 | Queue | Knight |
| 20:34 | Build | Siege Workshop |
| 20:42 | Build | Farm |
| 20:44 | Research | Chain Barding Armor |
| 20:45 | Queue | Knight |
| 20:45 | Queue | Knight |
| 20:49 | Queue | Villager (Male) |
| 21:03 | Queue | Knight |
| 21:05 | Queue | Villager (Male) |
| 21:14 | Queue | Mangonel |
| 21:15 | Queue | Villager (Male) |
| 21:23 | Queue | Knight |
| 21:32 | Queue | Villager (Male) |
| 21:41 | Queue | Villager (Male) |
| 21:49 | Queue | Knight |
| 22:09 | Queue | Knight |
| 22:13 | Queue | Villager (Male) |
| 22:26 | Build | Farm |
| 22:29 | Build | Farm |
| 22:29 | Queue | Villager (Male) |
| 22:30 | Build | Farm |
| 22:34 | Queue | Scorpion |
| 22:50 | Queue | Villager (Male) |
| 23:21 | Research | Forging |
| 23:23 | Queue | Villager (Male) |
| 23:25 | Queue | Knight |
| 23:28 | Queue | Scorpion |
| 23:28 | Queue | Scorpion |
| 23:28 | Queue | Scorpion |
| 24:01 | Queue | Villager (Male) |
| 24:01 | Queue | Villager (Male) |
| 24:30 | Queue | Villager (Male) |
| 24:34 | Build | Monastery |
| 24:34 | Queue | Villager (Male) |
| 24:35 | Build | Farm |
| 24:48 | Build | Town Center |
| 24:54 | Queue | Knight |
| 24:54 | Queue | Knight |
| 24:55 | Queue | Villager (Male) |
Match timeline
| 4:53 | [RUS-F]Believe_me · first_building Barracks |
| 7:29 | OSO_CT · wall_segment Palisade Wall x1 |
| 7:33 | OSO_CT · first_building Barracks |
| 7:35 | OSO_CT · wall_segment Palisade Wall x3 |
| 7:45 | OSO_CT · wall_segment Palisade Wall x4 |
| 8:23 | OSO_CT · wall_segment Palisade Wall x1 |
| 8:24 | OSO_CT · wall_segment Palisade Wall x1 |
| 8:24 | OSO_CT · wall_segment Palisade Wall x1 |
| 8:44 | OSO_CT · age_up feudal |
| 8:48 | OSO_CT · first_building Archery Range |
| 8:52 | OSO_CT · wall_segment Palisade Wall x1 |
| 8:53 | [RUS-F]Believe_me · age_up feudal |
| 8:54 | OSO_CT · wall_segment Palisade Wall x2 |
| 8:55 | OSO_CT · wall_segment Palisade Wall x4 |
| 9:10 | OSO_CT · wall_segment Palisade Wall x1 |
| 9:15 | OSO_CT · wall_segment Palisade Wall x1 |
| 9:28 | OSO_CT · wall_segment Palisade Wall x1 |
| 9:56 | OSO_CT · wall_segment Palisade Wall x1 |
| 10:00 | OSO_CT · wall_segment Palisade Wall x1 |
| 11:45 | OSO_CT · wall_segment Palisade Wall x1 |
| 12:42 | [RUS-F]Believe_me · first_building Archery Range |
| 16:30 | OSO_CT · wall_segment Palisade Wall x5 |
| 16:40 | [RUS-F]Believe_me · first_building Stable |
| 17:42 | OSO_CT · wall_segment Palisade Wall x1 |
| 19:19 | OSO_CT · age_up castle |
| 19:53 | OSO_CT · first_building Monastery |
| 20:24 | [RUS-F]Believe_me · age_up castle |
| 20:34 | [RUS-F]Believe_me · first_building Siege Workshop |
| 23:27 | OSO_CT · first_building Stable |
| 23:50 | OSO_CT · wall_segment Palisade Wall x1 |
| 23:51 | OSO_CT · wall_segment Palisade Wall x1 |
| 24:34 | [RUS-F]Believe_me · first_building Monastery |
| 26:59 | OSO_CT · first_building Siege Workshop |
| 31:04 | [RUS-F]Believe_me · first_building Castle |
| 32:21 | OSO_CT · first_building Castle |
| 34:42 | OSO_CT · first_market_buy 100 food |
| 35:32 | [RUS-F]Believe_me · first_market_sell 500 wood |
| 35:33 | [RUS-F]Believe_me · first_market_buy 100 food |
| 38:11 | OSO_CT · first_market_sell 100 wood |
| 38:14 | OSO_CT · age_up imperial |
| 38:57 | [RUS-F]Believe_me · age_up imperial |
| 45:15 | OSO_CT · wall_segment Palisade Wall x1 |
| 45:18 | OSO_CT · wall_segment Palisade Wall x1 |
| 58:35 | OSO_CT · resign |
[ AI ANALYSIS · 1 CREDIT ]
What really happened in this match?
Wolo.gg analyzes every decision: build order, eco, micro, common mistakes by bracket. Personalized analysis on WhatsApp or Discord in 30 seconds.
Civ guide
Chinese
Perfil
Jugador #5187661